[Event "European Women-ch 2023"]
[Site "Petrovac"]
[Date "2023.03.18"]
[Round "1.1"]
[White "Khotenashvili, Bela"]
[Black "Lehaci, Miruna-Daria"]
[Result "1/2-1/2"]
[ECO "D02"]
[WhiteElo "2491"]
[BlackElo "2202"]
[Annotator "TA"]
[PlyCount "102"]
[EventDate "2023.03.15"]
[EventType "swiss"]
[EventCountry "MNE"]
[SourceTitle "playchess.com"]
[Source "ChessBase"]
[SourceQuality "1"]
[TimeControl "40/5400+30:1800+30"]

1. g3 d5 2. Nf3 Nc6 3. d4 Bf5 4. Bg2 Nb4 5. Na3 e6 6. c3 {[%emt 0:03:00] D02: 1 d4 d5 2 Nf3 sidelines, including 2...Nf6 3 g3 and 2...Nf6 3 Bf4.} Nc6 7. Nc2 Be7 8. O-O Be4 9. Nce1 Nf6 10. Nd3 {[%emt 0:07:56] [#]} Nd7 $146 ({Predecessor:} 10... O-O 11. Bf4 h6 12. Qd2 Bd6 13. Bxd6 cxd6 14. Bh3 Rb8 15. Nh4 Bh7 16. Bg2 Ne4 {0-1 Mikhalevski,V (2516)-Van Foreest,J (2584) Titled Tuesday intern Qual2 11th April blitz 2017 (2)}) 11. a4 Na5 12. Re1 b6 13. Bf1 c5 14. dxc5 Nxc5 ({Black should try} 14... bxc5 $15 15. Nd2 O-O) 15. Nd4 $1 $14 Ncb7 16. b4 Nc4 17. Nc6 (17. f3 $14 Bg6 18. e4 dxe4 19. fxe4) 17... Qc7 $11 18. Nxe7 Qxe7 19. f3 $36 {[%emt 0:04:14][%mdl 2048] White has good play.} Bg6 20. Nf4 Rd8 21. a5 (21. Qd4 $5 Qf6 22. e4 $14) 21... b5 (21... Nbd6 $11) 22. Qd4 $16 Qf6 (22... Nbd6 $16) 23. Qxa7 $18 Qxc3 (23... Nbd6 {was called for.} 24. Be3 Bc2) 24. Qxb7 Qxe1 (24... O-O $142) 25. Qxb5+ Kf8 26. Qc5+ (26. Bb2 Qd2 27. Qc5+ Kg8 $11) 26... Kg8 {[%emt 0:00:27] [#]} 27. Bb2 {[%emt 0:03:42] Inhibits Qc3.} Qd2 $11 28. Qd4 (28. Bd4 $11 {and White stays safe.} e5 29. Nxg6 hxg6 30. Bf2) 28... Qxb2 $19 29. Qxb2 Nxb2 30. b5 Nc4 {[%emt 0:05:07] Strongly threatening ...Kf8.} 31. b6 Kf8 32. b7 Ke7 {[%emt 0:00:45] ...Kd6 would be deadly.} 33. a6 Nd6 34. e4 (34. h4 $17) 34... dxe4 35. Nxg6+ hxg6 (35... fxg6 $2 36. fxe4 Rd7 37. Rb1 Nxb7 38. axb7) 36. fxe4 e5 (36... Nxe4 37. a7 $18) 37. Ra5 (37. Rb1 $142) 37... f6 ({Don't do} 37... Nxe4 38. a7 $18 (38. Rxe5+ Kd6 $14) (38. Rxe5+ Kd6 $14)) (37... Kd7 $19 38. Rc5 Rb8 39. Bb5+ Nxb5 40. Rxb5 Kc6) 38. Bb5 $17 {[%emt 0:00:36] [#]} Nxb5 (38... Nxe4 $2 39. a7 $18) (38... Nxb7 $1 $17 39. axb7 Rd1+ 40. Kg2 Rd2+ 41. Kg1 Rb8) 39. Rxb5 $15 Rd1+ 40. Kg2 Ra1 (40... Rd2+ {is more complex.} 41. Kf3 Ra2 42. b8=Q Rxb8 43. Rxb8 Rxa6 44. Rb7+ Kf8) 41. b8=Q Rxb8 42. Rxb8 Rxa6 {[%emt 0:00:09][%mdl 4096] Endgame Hoping for ...Ra2+. KR-KR} 43. Rb7+ Kf8 {[%emt 0:00:16] White must now prevent ...Ra2+.} 44. Rb8+ Kf7 45. Rb7+ Kg8 {[%emt 0:01:20] ...Ra2+ is the strong threat.} 46. h4 f5 ({Better is} 46... Ra2+ $15 47. Kf3 Ra8) 47. Rb5 $11 {[%emt 0:02:24] The position is equal.} Re6 48. Kf3 Kf7 49. g4 fxg4+ 50. Kxg4 Kf6 51. Rb1 Rc6 {[%emt 0:00:38] Black had all chances to win.   Weighted Error Value: White=0.30/Black=0.31} 1/2-1/2

[Event "European Women-ch 2023"]
[Site "Petrovac"]
[Date "2023.03.18"]
[Round "1.1"]
[White "Kiolbasa, Oliwia"]
[Black "Hrescak, Ivana"]
[Result "1-0"]
[ECO "B72"]
[WhiteElo "2406"]
[BlackElo "2127"]
[Annotator "TA"]
[PlyCount "90"]
[EventDate "2023.03.15"]
[EventType "swiss"]
[EventCountry "MNE"]
[SourceTitle "playchess.com"]
[Source "ChessBase"]
[SourceQuality "1"]
[TimeControl "40/5400+30:1800+30"]

1. e4 c5 2. Nf3 d6 3. d4 cxd4 4. Nxd4 Nf6 5. Nc3 g6 6. Be3 Nc6 {[%emt 0:00:11] B72: Sicilian Dragon: 6 Be3, lines with h3+Bc4 and sidelines.} 7. f3 {[%emt 0:01:25] Prevents Ng4} h5 8. Be2 {[%emt 0:13:20] [#]} a6 $146 {[%emt 0:03:48] White is slightly better.} ({Predecessor:} 8... Bg7 9. Qd2 Bd7 10. O-O O-O 11. Nd5 Rc8 12. c4 Nxd5 13. exd5 Nxd4 14. Bxd4 Bxd4+ 15. Qxd4 {½-½ Schroeder,J (2568)-Mons,L (2530) Hobbits Invitational blitz 2021 (1.6)}) 9. O-O Bd7 10. a4 h4 11. Nd5 Rc8 12. Nb3 {[%emt 0:15:39] White has more active pieces.} (12. Nxf6+ $16 exf6 13. Nxc6 Rxc6 14. f4) 12... Be6 13. Bb6 Qd7 14. Nxf6+ exf6 15. f4 $36 {[%emt 0:00:13][%mdl 2048] White fights for an advantage.} h3 16. g3 f5 17. exf5 gxf5 18. Nd4 Nxd4 19. Bxd4 Rg8 20. Bf3 Be7 21. Rf2 d5 22. c3 Bc5 23. Bxc5 Rxc5 24. Re2 Kf8 (24... Kd8 $16 {is a better defense.}) 25. Qd4 $18 Rc4 26. Qf6 Rg6 27. Qh8+ Ke7 28. Rd1 (28. Qxh3 Rxf4 29. Kf2 Rc4 30. Qxf5 d4) 28... Rxf4 29. Rxd5 Qe8 30. Qxe8+ ({Don't play} 30. Qxh3 $6 Kf6 $16) 30... Kxe8 31. Bh5 Re4 32. Rxe4 fxe4 {[%emt 0:00:05][%mdl 4096] Endgame KRB-KRB} 33. Re5 ({White should try} 33. Bxg6 $18 Bxd5 34. Bf5) 33... Rh6 {[%emt 0:02:25] [#]} (33... Rf6 $16 34. Rxe4 Kd8) 34. Bg4 $1 Kd7 35. Rxe4 Bxg4 36. Rxg4 {[%emt 0:00:02] KR-KR} Rd6 $2 {[%emt 0:01:22] [#]} (36... a5 37. Rd4+ Ke7) 37. Rd4 $1 Rxd4 38. cxd4 {[%emt 0:00:02] Intending Kf2 and mate. KP-KP} Kd6 39. Kf2 {[%emt 0:00:05] White mates.} Kd5 40. Ke3 f6 41. g4 b5 42. axb5 axb5 43. b3 Kd6 44. Ke4 b4 45. Kf5 Kd5 {[%emt 0:00:57] Weighted Error Value: White=0.08 (flawless) /Black=0.32} 1-0

[Event "European Women-ch 2023"]
[Site "Petrovac"]
[Date "2023.03.18"]
[Round "1.1"]
[White "Ovod, Evgenija"]
[Black "Ter-Avetisjana, Agnesa Stepania"]
[Result "1-0"]
[ECO "B10"]
[WhiteElo "2305"]
[BlackElo "1974"]
[Annotator "TA"]
[PlyCount "65"]
[EventDate "2023.03.15"]
[EventType "swiss"]
[EventCountry "MNE"]
[SourceTitle "playchess.com"]
[Source "ChessBase"]
[SourceQuality "1"]
[TimeControl "40/5400+30:1800+30"]

1. e4 c6 2. Nf3 d5 3. d3 Bg4 4. h3 Bxf3 5. Qxf3 e6 6. g3 {[%emt 0:00:19] B10: Caro-Kann: 2 d3 and 2 c4.} Nf6 7. Bg2 Be7 8. O-O {[%emt 0:01:08] White is slightly better.} O-O 9. Qe2 Re8 10. Nd2 {[%emt 0:01:31] [#]} (10. e5 $5 Nfd7 $8 11. f4 $14) 10... c5 $146 ({Predecessor:} 10... Qb6 11. e5 Nfd7 12. Nf3 c5 13. c3 Nc6 14. h4 Qa6 15. Bf4 b5 16. h5 b4 {1-0 Jovanovic,Z (2517)-Nguyen,A (2298) GER CupT Kirchweyhe 2021 (2.2)}) 11. f4 Nc6 12. c3 Bf8 13. g4 Nd7 14. Nf3 Rc8 15. Kh1 b5 16. e5 g6 (16... Nb6 $11 {keeps the balance.}) 17. d4 $16 cxd4 18. cxd4 Qb6 19. Be3 Bh6 20. Qf2 Nb4 (20... f6 $16) 21. Ne1 (21. Qh4 $18 Bg7 22. Ng5) 21... Rc7 {[%emt 0:08:32] [#]} 22. a3 ({White should try} 22. f5 $1 Bxe3 23. Qxe3) 22... Nc6 23. Qh4 $36 {[%emt 0:01:00][%mdl 2048] Black is under strong pressure.} Bg7 24. Rc1 Rec8 25. Nd3 {[%emt 0:05:03] White is more active.} Bf8 {[%emt 0:00:01] [#]} (25... Re8 $16) 26. f5 $1 $18 Ndxe5 (26... Be7 {might work better.} 27. Qf2 (27. f6 Bf8 $14) 27... Nd8) 27. Nxe5 Nxe5 28. Rxc7 Rxc7 29. fxe6 ({Weaker is} 29. dxe5 Qxe3 30. fxe6 Qxe5 $15) 29... Nc4 (29... fxe6 30. dxe5 Qxe3) 30. exf7+ {[%emt 0:00:50] White is clearly winning.} Rxf7 31. Bxd5 {[%emt 0:00:43][%mdl 64] Pin} Qb7 32. Bxb7 {[%emt 0:00:53] Bd5 would kill now. A strong pair of Bishops.} (32. Rxf7 $2 {perishes.} Qxd5+ 33. Kg1 Qxf7 $19) 32... Rxf1+ 33. Bg1 {[%emt 0:00:12] Weighted Error Value: White=0.10 (very precise) /Black=0.29 (precise)} 1-0

[Event "European Women-ch 2023"]
[Site "Petrovac"]
[Date "2023.03.18"]
[Round "1.2"]
[White "Toncheva, Nadya"]
[Black "Gunina, Valentina"]
[Result "1/2-1/2"]
[ECO "B15"]
[WhiteElo "2192"]
[BlackElo "2478"]
[Annotator "TA"]
[PlyCount "132"]
[EventDate "2023.03.15"]
[EventType "swiss"]
[EventCountry "MNE"]
[SourceTitle "playchess.com"]
[Source "ChessBase"]
[SourceQuality "1"]
[TimeControl "40/5400+30:1800+30"]

1. e4 c6 2. d4 d5 3. Nc3 dxe4 4. Nxe4 Nf6 5. Nxf6+ exf6 6. c3 Bd6 7. Bd3 O-O 8. Ne2 Re8 9. O-O {[%emt 0:00:09] B15: Caro-Kann: 3 Nc3: 3...g6 and 3...dxe4 4 Nxe4 Nf6 5 Nxf6+ exf6.} (9. Qc2 $5 ) 9... Na6 10. Bf4 Nc7 11. Qd2 Bf8 12. Rfe1 Nd5 13. Bg3 {[%emt 0:01:22] [#]} g6 $146 ({Predecessor:} 13... Ne7 14. Qc2 g6 15. Rad1 Bf5 16. Bf4 Bxd3 17. Qxd3 Nd5 18. Bd2 b5 19. Qf3 Qd7 {½-½ Willow,J (2396)-Harvey,M (2440) London Wood Green 2021 (7)}) 14. Nf4 Nxf4 15. Qxf4 Rxe1+ 16. Rxe1 Be6 17. Bb1 a5 18. h4 f5 19. Qc7 Qxc7 20. Bxc7 b5 21. Bd3 h5 22. Bf1 Bxa2 23. Ra1 $1 Bd5 24. Rxa5 Rxa5 25. Bxa5 $11 {[%emt 0:00:06][%mdl 4096] Endgame KBB-KBB} Bh6 26. Bb4 $1 Bc1 27. Ba3 f6 28. Bd3 Kf7 29. f3 (29. Bc2 $11 {remains equal.}) 29... Be6 (29... Bc4 $17 30. Bc2 Be3+ 31. Kh2 Ke6) 30. Kf2 g5 31. d5 Bxd5 {[%emt 0:00:45] Hoping for ...Be6.} 32. hxg5 Be6 33. gxf6 Kxf6 34. Kg3 Bd5 35. Kh4 Bf7 36. g3 f4 37. g4 hxg4 38. Kxg4 Be6+ 39. Kh5 Bf5 40. Bf1 Bg6+ 41. Kg4 Bf7 42. Bd3 Bd5 43. Be2 Ke6 44. Kg5 Kd7 45. Kf6 Kc7 46. Ke7 Bb3 47. Bd3 Be3 48. Bf5 Bd5 49. Bd6+ Kb6 50. Bg4 Ka5 {[%emt 0:00:24] aiming for ...Ka4.} 51. Be5 $2 {[%emt 0:09:30] [#]} (51. Kd7 $11) 51... Ka4 $2 (51... Bc1 $1 $19 {And now ...Ka4 would win.} 52. b3 Bxb3) 52. Kd6 $15 Kb3 53. Be6 $2 (53. Kc7 $11) 53... Bxe6 (53... Kxb2 $2 54. c4+ Kc1 55. cxd5 $18) 54. Kxe6 {[%emt 0:00:16] KB-KB} c5 $2 ({Better is} 54... Kxb2 $19 55. Kd7 Kb3 56. Kxc6 Kc4) 55. Kd5 $1 $11 {[%emt 0:01:56] The position is equal.} c4 56. Kc6 Kxb2 {[%emt 0:04:10][%cal Ob5b4] [#] ( -> ...b4!)} 57. Kxb5 Kb3 58. Bf6 Bd2 59. Be5 Bxc3 60. Bxf4 Be1 61. Be5 Bf2 62. Bg7 Bg3 63. Bd4 Bf4 64. Bg7 Bd2 65. Be5 Bc3 66. f4 Bxe5 {[%emt 0:00:05][%mdl 64] Remove Defender.   Weighted Error Value: White=0.35/Black=0.22 (precise)} 1/2-1/2

[Event "European Women-ch 2023"]
[Site "Petrovac"]
[Date "2023.03.18"]
[Round "1.2"]
[White "Spalir, Monika"]
[Black "Buksa, Nataliya"]
[Result "1/2-1/2"]
[ECO "B33"]
[WhiteElo "2125"]
[BlackElo "2405"]
[Annotator "TA"]
[PlyCount "102"]
[EventDate "2023.03.15"]
[EventType "swiss"]
[EventCountry "MNE"]
[SourceTitle "playchess.com"]
[Source "ChessBase"]
[SourceQuality "1"]
[TimeControl "40/5400+30:1800+30"]

1. e4 c5 2. Nf3 Nc6 3. d4 cxd4 4. Nxd4 Nf6 5. Nc3 e5 6. Ndb5 d6 7. Bg5 a6 8. Na3 b5 9. Nd5 Be7 10. Bxf6 Bxf6 11. c3 Rb8 12. Nc2 Bg5 13. a4 bxa4 14. Ncb4 Nxb4 15. Nxb4 {[%emt 0:00:05] 15.cxb4 is the fancy move.} Bd7 {[%emt 0:00:54] Against Nc6. ...a5 would be deadly. B33: Sicilian: Pelikan and Sveshnikov Variations.} 16. Bxa6 (16. Qxd6 Be7 17. Qxe5 (17. Qxa6 $2 Rxb4 18. O-O-O Qc7 $19) 17... O-O $15) 16... Qa5 17. Qxd6 Rb6 18. Qd3 {[%emt 0:00:05] Threatens to win with 0-0.} Be6 {[%emt 0:00:04] [#] Hoping for ...Be7. A strong pair of Bishops.} (18... Rxb4 19. cxb4 Qxb4+ 20. Kf1 $16) 19. O-O (19. Bc4 $5) 19... O-O 20. Bc4 Rd8 21. Bd5 Bxd5 $1 22. Nxd5 {[%emt 0:01:53] And now b4 would win.} (22. exd5 $5 Be7 $8 23. Qc2 (23. Nc6 $2 Rxc6 {[%mdl 64] Pin} 24. Rfd1 Rcc8 $19) 23... Bxb4 24. Rxa4 $11 (24. cxb4 Rxb4 25. Rfd1 Rd4 $11)) 22... Rxb2 {[%emt 0:00:05] [#]} 23. Rfb1 $146 ({Predecessor:} 23. c4 Ra8 24. Rfb1 a3 25. g3 Rxb1+ 26. Qxb1 g6 {½-½ Havumaki,A (2433)-Mayer,R (2499) EU-chT11 sf1 email 2017 [2]}) 23... Rxb1+ 24. Rxb1 a3 25. g3 Ra8 26. Qc4 h5 (26... a2 27. Ra1 $16) 27. h4 Bd8 (27... a2 28. Ra1 Bd8 29. Kg2 $16 (29. Nb4 Qc7 $16)) 28. Qa2 (28. Qc6 $11 Qa4 29. Qb7) 28... Qa7 (28... Qa4 $5 29. c4 Qa7 $15) 29. Kg2 Be7 30. Nxe7+ Qxe7 $15 {[%emt 0:00:04][%mdl 4096] Endgame KQR-KQR} 31. Qd5 Rd8 32. Qa5 (32. Qa2 $1 $11 {might be stronger.}) 32... Rd2 {[%emt 0:05:15] ...a2 is the strong threat.} 33. Ra1 Qf6 ({Black should play} 33... Qb7 $1 $15 34. Qxa3 (34. Qa4 $2 Rxf2+ {[%mdl 64] Decoy} 35. Kxf2 Qb2+ 36. Ke3 Qxa1 $19) 34... Qxe4+ 35. Kg1 Kh7) 34. Qa7 $11 Qc6 35. Qb8+ (35. Rxa3 Qxe4+ 36. Kh2 Qe1 $17) 35... Kh7 36. Qxe5 (36. Rxa3 $2 Qxe4+ 37. Kh2 Rxf2+ 38. Kh3 Qh1#) 36... a2 37. Qxh5+ Kg8 38. Qe5 Qc4 39. h5 Qb3 {[%emt 0:02:07][%cal Od2f2] aiming for ...Rxf2+!} 40. h6 gxh6 41. Rh1 {[%emt 0:07:33] [#]} (41. Qe8+ $1 $11 Kh7 42. Qe5) 41... Qb2 ({Black should try} 41... Qb6 $1 $17 42. Qe8+ Kg7 43. Qe5+ Kg8 44. Qe8+ Kg7 45. Qe5+ Qf6 46. Qxf6+ Kxf6) 42. Qe8+ {[%emt 0:01:15] The position is equal.} (42. Rxh6 Rxf2+ 43. Kh3 Rh2+ 44. Kg4 Rxh6 45. Qe8+ Kg7 46. Qe5+ Rf6 47. Kh3 a1=Q 48. Qg5+ Kh7 49. Qh5+ Rh6) 42... Kg7 43. Qe5+ Kf8 44. Qc5+ (44. Rxh6 Rxf2+ 45. Kh3 Rh2+ 46. Kg4 Rxh6 47. Kf3 a1=Q 48. Qc5+ Kg8 49. Qg5+ Rg6 50. Qd8+ Kg7 51. Qd3 Qh1+ 52. Ke3 Qg1+ 53. Kf4 Qbf2+ 54. Qf3 Qgxg3+ 55. Kf5 Qfxf3#) 44... Ke8 45. Qc8+ (45. Rxh6 $2 Rxf2+ 46. Qxf2 a1=Q 47. Rh8+ Ke7 $19) 45... Ke7 46. Qc7+ (46. Rxh6 Rxf2+ 47. Kh3 Rh2+ 48. Kg4 Qe2+ 49. Kf4 Qf2+ 50. Kg4 Qe2+ 51. Kf5 Rf2+ 52. Kg5 Qe3+ {[%mdl 64] Skewer, Double Attack} 53. Kg4 Qxe4+ 54. Kh3 Qh1+ 55. Kg4 Qf3+ 56. Kh3 Qh1+ {[%mdl 64] Skewer} 57. Kg4 Qe4+ 58. Kg5 Qe3+ 59. Kh5 Rh2+ {[%mdl 64] Deflection} 60. Kg4 Rxh6 61. Qc7+ Kf8 62. Qd8+ Kg7 63. Qd4+ Qxd4+ 64. cxd4 Rf6 65. Kh3 a1=Q 66. Kh2 Qf1 67. g4 Rh6+ 68. Kg3 Rh3#) 46... Kf8 47. Qc5+ (47. Rxh6 {gets mated.} Rxf2+ 48. Kh3 Rh2+ 49. Kg4 Rxh6 50. Qd8+ Kg7 51. Qd4+ Rf6 52. e5 Qe2+ 53. Kg5 Rg6+ {[%mdl 64] Skewer} 54. Kf5 a1=Q 55. e6+ f6 56. Qd7+ Kh6) 47... Kg8 48. Qc8+ (48. Rxh6 $2 {too greedy.} Rxf2+ 49. Qxf2 a1=Q $19) 48... Kg7 49. Qg4+ Kf8 50. Qc8+ (50. Rxh6 $2 {is a self mate.} Rxf2+ 51. Kg1 a1=Q+) 50... Kg7 51. Qg4+ Kf8 {[%emt 0:00:22] Weighted Error Value: White=0.09 (flawless) /Black=0.07 (flawless)} 1/2-1/2

[Event "European Women-ch 2023"]
[Site "Petrovac"]
[Date "2023.03.18"]
[Round "1.2"]
[White "Mashchenko, Tamila"]
[Black "Unuk, Laura"]
[Result "0-1"]
[ECO "E51"]
[WhiteElo "1956"]
[BlackElo "2297"]
[Annotator "TA"]
[PlyCount "90"]
[EventDate "2023.03.15"]
[EventType "swiss"]
[EventCountry "MNE"]
[SourceTitle "playchess.com"]
[Source "ChessBase"]
[SourceQuality "1"]
[TimeControl "40/5400+30:1800+30"]

1. d4 Nf6 2. c4 e6 3. Nc3 Bb4 4. e3 O-O 5. Bd3 d5 6. a3 Be7 7. Nf3 a6 {[%emt 0:06:41] E51: Nimzo-Indian: Rubinstein: 4...0-0 5 Nf3 d5.} 8. O-O dxc4 9. Bxc4 c5 {[%emt 0:07:19] The position is equal.} 10. dxc5 Bxc5 {[%emt 0:02:22] [#]} 11. Qxd8 $146 (11. Qe2 $14) ({Predecessor:} 11. Qe2 b5 12. Ba2 Bb7 13. e4 Nbd7 14. e5 Bxf3 15. gxf3 Ne8 16. Rd1 Ra7 17. Ne4 {1-0 Sarana,A (2662)-Deac,B (2699) Titled Tuesday intern op 30th Aug Late blitz 2022 (11)}) 11... Rxd8 $11 12. b4 Be7 13. Bb2 b5 14. Be2 Bb7 15. Rfd1 Nbd7 16. Nd4 Rac8 17. Nb3 Ne8 18. Na5 Ba8 19. Rac1 Nd6 20. a4 Nc4 21. Nxc4 bxc4 22. Na2 (22. b5 $5 ) 22... Bd5 (22... Bc6 $5 ) 23. Bd4 e5 24. Bc3 Be6 (24... Bc6 $5 ) 25. a5 (25. Bf3 $14) 25... f6 26. Bf3 Nb8 27. Bb7 Rxd1+ 28. Rxd1 Rc7 $36 {[%emt 0:00:31][%mdl 2048] Black fights for an advantage.} 29. Bf3 Kf8 30. Kf1 (30. Rb1 {was preferrable.}) 30... Bf5 31. e4 (31. Rd5 $11) 31... Bd7 ({Black should try} 31... Be6 $17) 32. Be2 Ba4 33. Rd2 Bb3 (33... Nc6 $5 ) 34. Nc1 Nc6 $1 35. Rb2 Nd4 ({Black should play} 35... Ba4 $1 $15) 36. Bxd4 {[%emt 0:00:51][%mdl 64] [#] Remove Defender} exd4 37. Nxb3 cxb3 {[%emt 0:00:04][%mdl 4096] Endgame KRB-KRB} 38. f3 $2 (38. Bxa6 $11 Rc3 39. Bb5) 38... Rc1+ $19 (38... Bxb4 $2 {loses.} 39. Rxb3 Rc1+ 40. Kf2 Be1+ 41. Kg1 $19) 39. Kf2 Bxb4 {[%emt 0:00:15] [#] aiming for ...Be1+.} 40. Bd3 Rc3 ({And not} 40... Bxa5 41. Rxb3 Bc7 42. Bxa6 $17) 41. Ke2 Ba3 42. Rd2 (42. Rb1) 42... Bc1 {[%emt 0:00:49] Black is clearly winning.} 43. Rd1 b2 {[%emt 0:00:15][%cal Oc3d3] ( -> ...Rxd3!)} 44. Bb1 Re3+ 45. Kf1 Ra3 {[%emt 0:00:05] Weighted Error Value: White=0.38/Black=0.15 (very precise)} 0-1

[Event "European Women-ch 2023"]
[Site "Petrovac"]
[Date "2023.03.18"]
[Round "1.3"]
[White "Mammadzada, Gunay"]
[Black "Richterova, Natasa"]
[Result "1-0"]
[ECO "B19"]
[WhiteElo "2472"]
[BlackElo "2190"]
[Annotator "TA"]
[PlyCount "145"]
[EventDate "2023.03.15"]
[EventType "swiss"]
[EventCountry "MNE"]
[SourceTitle "playchess.com"]
[Source "ChessBase"]
[SourceQuality "1"]
[TimeControl "40/5400+30:1800+30"]

1. e4 c6 2. Nc3 d5 3. d4 dxe4 4. Nxe4 Bf5 5. Ng3 Bg6 6. h4 h6 7. Nf3 Nd7 8. Bd3 Bxd3 9. Qxd3 Ngf6 10. Bf4 e6 11. O-O-O Qa5 {[%emt 0:07:06] B19: Classical Caro-Kann: 4...Bf5 main line.} 12. Kb1 Nd5 13. Bd2 {[%emt 0:04:17] [#]} Qa4 $146 {[%emt 0:16:58] White is slightly better.} ({Predecessor:} 13... Nb4 14. Qb3 Qb6 15. Rhe1 Be7 16. Nf5 Nd5 17. Nxg7+ Kf8 18. Qxb6 axb6 19. Nh5 b5 {1-0 Jourde,M (1805)-Andriandaza,T (1717) Reunion op 16th 2014 (6)}) 14. c3 (14. c4 $5 N5f6 15. b3 $14) 14... O-O-O 15. Ne4 N5f6 16. Rc1 Nxe4 17. Qxe4 Bd6 18. c4 Nf6 19. Qe2 Qa6 20. Ne5 Rhf8 21. Rh3 Nd7 22. Bf4 {[%emt 0:11:18] White is more active.} (22. Nxd7 $16 Rxd7 23. Qg4) 22... Nxe5 $11 23. dxe5 Bc5 24. Rg3 Rg8 25. Qh5 g6 26. Qe2 Rh8 27. h5 g5 28. Bd2 Rd7 29. Rd3 Rxd3 30. Qxd3 Rd8 31. Qe2 Qb6 32. Rf1 (32. f4 $5 ) 32... Bd4 {[%emt 0:01:53][%csl Gd4][%cal Rb6b2] [#]} 33. Bc1 Qc5 34. f4 gxf4 35. Bxf4 Rd7 (35... Qf8 $11 {remains equal.}) 36. Rd1 (36. Bxh6 $16 {Bg7 would be deadly.} Qxe5 37. Qxe5 Bxe5 38. Be3) 36... Qb4 {[%emt 0:01:07][%cal Od4b2] [#] ...Bxb2! is the strong threat.} 37. Rc1 (37. Bxh6 Bxb2 38. Rxd7 (38. Bf8 Rxd1+ 39. Qxd1 Qxf8 $15) 38... Bd4+ 39. Kc2 Kxd7 $15) 37... Qc5 38. g4 b6 {[%emt 0:00:28] White now steadily converts the win.} (38... Qf8 $1 $11) 39. Re1 (39. Bxh6 Qxe5 40. Qxe5 Bxe5 $16) (39. Qe4 $16) 39... Bf2 (39... Qf8 $14) 40. Rf1 $36 {[%emt 0:00:00][%mdl 2048] White has strong initiative.} Bd4 41. a3 a5 42. Rd1 (42. Bxh6 Qxe5 43. Qxe5 Bxe5 $16) 42... Qf8 43. Rd2 c5 44. Qe4 {[%emt 0:01:46] Hoping for Qa8+.} Kc7 45. Rg2 Kb8 (45... Qh8 $16) 46. g5 $18 hxg5 47. Bxg5 (47. Rxg5 Ka7 48. Rg2 f6) 47... Ka7 48. h6 {[%emt 0:05:09] And now Rh2 would win.} Qh8 49. Re2 Rb7 50. Ka2 f6 $2 (50... Rc7 51. Bf4 Re7) 51. exf6 (51. Bxf6 Qxh6 52. Qc6 (52. Qg4 $2 Qc1 $19) 52... Qh5 $11) 51... Bxf6 52. Bxf6 Qxf6 53. Qxe6 {[%emt 0:00:16][%mdl 4096] Endgame KQR-KQR} Qf3 54. Re3 (54. Rh2 $142 Qd3 55. Rg2) 54... Qf4 55. Re4 (55. Rh3 $142 Rh7 56. Rh1) 55... Qf3 56. Re3 $2 (56. Rh4 $18) 56... Qd1 $2 (56... Qf4 $11 57. Rd3 Qf7 58. Qxf7 Rxf7) 57. Rh3 (57. Rg3 $142 Qd4 58. Rg4) 57... Qc2 58. Qg8 {[%emt 0:00:12] White threatens h7 and mate.} b5 (58... Qh7 $18 59. Qe6 Qc2) 59. Qd5 (59. h7 $142 b4 60. axb4 (60. h8=N $2 {leads to mate.} b3+) 60... Rxb4 61. h8=Q (61. h8=R $2 Qxb2#) 61... Ra4+ 62. Ra3 Qxc4+ 63. Qxc4 Rxc4 64. Rxa5+ Kb7 65. Qd8) 59... bxc4 60. Qxc5+ Ka6 61. Qd4 {[%emt 0:00:26] Intending Rf3 and mate.} Rb3 {[%emt 0:01:07] Dodges Rf3} 62. Qf6+ Ka7 63. Qg7+ Ka6 64. Rg3 Rb6 {[%emt 0:00:28] Repels Qf6} (64... Rxg3 $18 65. Qxg3 Qf5 66. Qd6+ Kb7) 65. h7 c3 66. Qxc3 (66. h8=Q $2 Qxb2#) 66... Qxh7 67. Qc4+ ({Not} 67. Rg5 Qf7+ 68. b3 Qf2+ 69. Qb2 (69. Kb1 Qf1+ 70. Ka2 Qf2+ 71. Qb2 Rf6 $14) 69... Qxb2+ 70. Kxb2 Rh6 $14) (67. Rg7 $142 Qe4 68. Qc8+ Rb7 69. Rg5 Qd4 70. Qc6+ {[%mdl 64] Deflection} Ka7 71. Rxa5+ Kb8 72. Qe8+ Kc7 73. Qf7+ Kb8 74. Qg8+ Kc7 75. Qh7+ Kb8 76. Qh2+ Rc7 77. Rb5+ Kc8 78. Qh3+ Rd7 79. Qb3) 67... Ka7 68. Rg5 Ra6 69. Qd4+ {[%emt 0:00:04] White mates.} Ka8 70. Rg7 Rd6 71. Qe5 Qd3 72. Qe8+ Rd8 73. Qc6+ {[%emt 0:00:01] Weighted Error Value: White=0.43/Black=0.31} 1-0